 Dungeon Crawl Stone Soup version 0.31-a0-441-g867994ef1c (webtiles) character file.

Game seed: 1948226876810026542

387718 motkupoika the Imperceptible (level 24, -15/156 HPs)
             Began as a Kobold Brigand on Aug 2, 2023.
             Was a Follower of Uskayaw.
             Demolished by a titan (20 damage)
             ... on level 3 of the Depths on Aug 3, 2023.
             The game lasted 02:40:38 (44823 turns).

motkupoika the Imperceptible (Kobold Brigand)      Turns: 44823, Time: 02:40:39

Health: -15/156    AC: 15    Str: 15    XL:     24   Next: 12%
Magic:  24/35      EV: 39    Int: 14    God:    Uskayaw [*.....]
Gold:   845        SH: 22    Dex: 32    Spells: 30/35 levels left

rFire   + + +        O - +4 quick blade (elec)
rCold   + . .        P - +5 kite shield {reflect}
rNeg    . . .        n - +2 leather armour of Vogudd {Str+2 Int+2 Dex+6 Stlth+}
rPois   +            I - +1 hat
rElec   +            d - +0 cloak of Ymehoj {Slay+5}
rCorr   .            C - +0 pair of gloves "Ycrerph" {rPois Regen+}
SInv    +            c - +1 pair of boots of Lenn {rF+ Regen+ Str+3 SInv}
Will    ++++.        S - amulet "Ivegadgh" {rC+ Regen+} Stlth **++++++++
                     F - ring of the Manifold Bones {rElec rF++ Will+ Stlth+}
HPRegen 2.86/turn    Q - ring of the Iron Devil {Will++ AC+4}
MPRegen 0.24/turn

%: reflection
@: constricted, studying Polearms
A: small, no large weapons, nightstalker 3
}: 2/15 runes: decaying, serpentine
a: Renounce Religion, Stomp


You were on level 3 of the Depths.
You worshipped Uskayaw.
Uskayaw was most pleased with you.
You visited 9 branches of the dungeon, and saw 40 of its levels.
You also visited: Bailey, Ice Cave and Volcano.

You collected 5940 gold pieces.
You spent 5095 gold pieces at shops.

Inventory:

Hand Weapons
 O - a +4 quick blade of electrocution (weapon)
Missiles
 e - 18 curare-tipped darts
 r - 54 boomerangs
 D - 16 atropa-tipped darts (quivered)
Armour
 c - the +1 pair of boots of Lenn (worn) {rF+ Regen+ Str+3 SInv}
   (You bought it in a shop on level 2 of the Orcish Mines)

   Str:       It affects your strength (+3).
   rF:        It protects you from fire.
   SInv:      It lets you see invisible.
   Regen:     It increases your rate of health regeneration.
 d - the +0 cloak of Ymehoj (worn) {Slay+5}
   (You bought it in a shop on level 4 of the Snake Pit)

   Slay:      It affects your accuracy & damage with ranged weapons and melee
   (+5).
 n - the +2 leather armour of Vogudd (worn) {Str+2 Int+2 Dex+6 Stlth+}
   (You bought it in a shop on level 2 of the Orcish Mines)

   Str:       It affects your strength (+2).
   Int:       It affects your intelligence (+2).
   Dex:       It affects your dexterity (+6).
   Stlth:     It makes you more stealthy.
 C - the +0 pair of gloves "Ycrerph" (worn) {rPois Regen+}
   (You found it on level 4 of the Lair of Beasts)

   rPois:     It protects you from poison.
   Regen:     It increases your rate of health regeneration.
 I - a +1 hat (worn)
 P - a +5 kite shield of reflection (worn)
 T - a +2 cloak of willpower
Jewellery
 i - the ring "Xuxerghe" {Fly rElec rF+ MP+9 Str+3}
   (You found it on level 4 of the Vaults)

   [ring of flight]

   Str:       It affects your strength (+3).
   rF:        It protects you from fire.
   rElec:     It insulates you from electricity.
   MP:        It affects your magic capacity (+9).
   Fly:       It grants you flight.
 l - a ring of positive energy
 t - a +4 ring of slaying
 z - an amulet of faith
 F - the ring of the Manifold Bones (left hand) {rElec rF++ Will+ Stlth+}
   (You bought it in a shop on level 2 of the Snake Pit)

   [ring of willpower]

   rF:        It greatly protects you from fire.
   rElec:     It insulates you from electricity.
   Will:      It increases your willpower.
   Stlth:     It makes you more stealthy.
 H - the ring of the Mpinguari {rC+ Dex+2}
   (You found it on level 2 of the Depths)

   [ring of protection from cold]

   Dex:       It affects your dexterity (+2).
   rC:        It protects you from cold.
 Q - the ring of the Iron Devil (right hand) {Will++ AC+4}
   (You found it on level 5 of the Lair of Beasts)

   [ring of protection]

   AC:        It affects your AC (+4).
   Will:      It greatly increases your willpower.
 S - the amulet "Ivegadgh" (around neck) {rC+ Regen+}
   (You found it on level 13 of the Dungeon)

   [amulet of regeneration]

   rC:        It protects you from cold.
   Regen:     It increases your rate of health regeneration.
Wands
 x - a wand of mindburst (26)
 J - a wand of flame (84)
 K - a wand of paralysis (12)
 M - a wand of quicksilver (32)
 N - a wand of roots (28)
 R - a wand of digging (8)
Scrolls
 j - 5 scrolls of revelation
 k - a scroll of summoning {unknown}
 m - 20 scrolls of teleportation
 o - 4 scrolls of silence
 u - 5 scrolls of fog
 w - 3 scrolls of poison
 U - a scroll of acquirement
 V - 10 scrolls of blinking
 X - 3 scrolls of enchant armour
 Z - 6 scrolls of fear
Potions
 f - 17 potions of curing
 g - a potion of magic
 h - 9 potions of might
 p - 2 potions of invisibility
 q - 8 potions of haste
 s - 5 potions of berserk rage
 v - 9 potions of enlightenment
 A - 6 potions of attraction
 B - a potion of brilliance
 E - 3 potions of cancellation
 L - 8 potions of heal wounds
 W - 7 potions of mutation
 Y - 6 potions of resistance
Miscellaneous
 y - a phial of floods
 G - a box of beasts


   Skills:
 + Level 17.5 Fighting
 + Level 19.9 Short Blades
 - Level 6.0 Throwing
 - Level 7.0 Armour
 + Level 21.8 Dodging
 + Level 21.9 Stealth
 - Level 14.0 Shields
 - Level 6.0 Spellcasting
 + Level 16.8 Invocations
 - Level 8.0 Evocations


You had 30 spell levels left.
You knew the following spells:

 Your Spells              Type           Power      Damage    Failure   Level
a - Blink                 Tloc           8%         N/A       45%         2
b - Hailstorm             Conj/Ice       4%         3d4       71%         3

Your spell library contained the following spells:

 Spells                   Type           Power      Damage    Failure   Level
 Foxfire                  Conj/Fire      16%        2x1d4     34%         1
 Magic Dart               Conj           16%        1d3       34%         1
 Shock                    Conj/Air       16%        1d4       34%         1
 Summon Small Mammal      Summ           16%        N/A       34%         1
 Call Imp                 Summ           8%         N/A       45%         2
 Ensorcelled Hibernation  Hex/Ice        8%         N/A       45%         2
 Lesser Beckoning         Tloc           8%         N/A       45%         2
 Momentum Strike          Conj/Tloc      8%         3d8       45%         2
 Passwall                 Tmut/Erth      3%         N/A       45%         2
 Dazzling Flash           Conj/Hex       8%         N/A       71%         3
 Frozen Ramparts          Ice            8%         1d2       71%         3
 Inner Flame              Hex/Fire       4%         N/A       71%         3
 Mephitic Cloud           Conj/Pois/Air  4%         N/A       71%         3
 Swiftness                Air            4%         N/A       71%         3
 Vhi's Electric Charge    Tloc/Air       8%         N/A       71%         3
 Volatile Blastmotes      Fire/Tloc      8%         2d10      71%         3
 Airstrike                Air            2%         2d(1-17)  98%         4
 Anguish                  Hex/Necr       2%         N/A       98%         4
 Flame Wave               Conj/Fire      4%         2d5       98%         4
 Fulminant Prism          Conj/Hex       2%         3d5       98%         4
 Iskenderun's Mystic Bla  Conj/Tloc      4%         2d3       98%         4
 Leda's Liquefaction      Hex/Erth       2%         N/A       98%         4
 Petrify                  Tmut/Erth      4%         N/A       98%         4
 Sticky Flame             Conj/Fire      4%         2d3       98%         4
 Summon Ice Beast         Ice/Summ       4%         N/A       98%         4
 Alistair's Intoxication  Tmut/Pois      2%         N/A       100%        5
 Arcjolt                  Conj/Air       2%         1d12      100%        5
 Borgnjor's Vile Clutch   Necr/Erth      2%         N/A       100%        5
 Fireball                 Conj/Fire      2%         3d4       100%        5
 Iskenderun's Battlesphe  Conj           4%         2d6       100%        5
 Lee's Rapid Deconstruct  Erth           2%         3d4*      100%        5
 Metabolic Englaciation   Hex/Ice        2%         N/A       100%        5
 Conjure Ball Lightning   Conj/Air       2%         3x3d6     100%        6
 Plasma Beam              Fire/Air       2%         2x1d12    100%        6
 Simulacrum               Ice/Necr       2%         N/A       100%        6
 Starburst                Conj/Fire      2%         6d3       100%        6
 Malign Gateway           Summ/Tloc      2%         N/A       100%        7
 Orb of Destruction       Conj           2%         9d5       100%        7
 Ozocubu's Refrigeration  Ice            2%         4d7       100%        7
 Maxwell's Capacitive Co  Air            2%         ∞         100%        8
 Polar Vortex             Ice            2%         N/A       100%        9


Dungeon Overview and Level Annotations

Branches:
Dungeon (15/15)            Temple (1/1) D:4            Lair (5/5) D:9
  Swamp (4/4) Lair:2        Snake (4/4) Lair:2        Slime (0/5) Lair:4
    Orc (2/2) D:11            Elf (2/3) Orc:2        Vaults (4/5) D:14
  Crypt (0/3) Vaults:2     Depths (3/4) D:15         Bailey (visited)
  IceCv (visited)         Volcano (visited)

Altars:
Ashenzari
Dithmenos
Elyvilon
Gozag
Hepliaklqana
Kikubaaqudgha
Makhleb
Nemelex Xobeh
Qazlal
Ru
Sif Muna
Trog
Uskayaw
Vehumet
Xom
Yredelemnul
Zin
The Shining One
Jiyva

Shops:
D:5 :**   Orc:2 ([?![   Elf:2 *   Snake:1 (   Snake:2 :=:   Snake:4 !*[
Vaults:1 :   Depths:2 ?([*

Portals:
Hell: Depths:1 Depths:2
Pandemonium: Depths:1 Depths:2
Trove: D:12 (show slimy rune of Zot)

Annotations:
D:5 3 runed translucent doors, Grinder
D:7 3 runed translucent doors
Lair:1 1 transporter, KimchiStew's ghost, journeyman MeDe
Swamp:2 Roxanne


Innate Abilities, Weirdness & Mutations

You are small and have problems with some larger weapons.
You are completely attuned to the shadows.


Message History

You block the tentacled monstrosity's attack. x2
The tentacled monstrosity constricts you!
The titan completely misses you. You block the frost giant's attack.
Unknown command.
You hit the frost giant. x2
The frost giant is almost dead.
You block the tentacled monstrosity's attack. x3
The tentacled monstrosity constricts you!
The titan waves its arms in wide circles.
The air twists around and strikes you! The frost giant completely misses you.
You block the titan's attack.
Okay, then.
You puncture the frost giant!
Lightning courses through the frost giant!
You kill the frost giant!
Aiming: Grand Finale
Press: ? - help, Shift-Dir - straight line, f - titan
Aim: a titan The titan explodes violently!!!!
You blow up the titan!
You can no longer merge with and destroy a victim.
The tentacled monstrosity tentacle-slaps you but does no damage.
You block the tentacled monstrosity's attack. x2
The tentacled monstrosity constricts you!
The titan hits you!!!
* * * LOW HITPOINT WARNING * * *
You hear a shout!
You feel much better. The titan hits you!!
* * * LOW HITPOINT WARNING * * *
The tentacled monstrosity closely misses you.
The tentacled monstrosity completely misses you.
You block the tentacled monstrosity's attack.
The tentacled monstrosity constricts you.
* * * LOW HITPOINT WARNING * * *
Blink to where?
Press: ? - help, Dir - move target The tentacled monstrosity's grasp on you weakens, but your attempt to escape fails.
As you read the scroll of blinking, it crumbles to dust.
The titan hits you!!
You die...

...#=.. #. ...# .. #. ...# #. .#
#. ...# #. .# #. ...# ###. .###
#. ...# ....#.... #. ...#
##########)##########. ...#
....CX................ ...#
.....@).)....)........ ...#
.............[........ ...#
?...[...$...))..$...).
...##############################
.................................
............[.[..................
................!................
##############################+##
####..........≈≈##≈≈≈≈.......8.8.


You could see a tentacled monstrosity and a titan.

Vanquished Creatures
  An ancient lich (Vaults:4)
  A juggernaut (Depths:2)
  Vashnia (Snake:4)
  Bai Suzhen (Depths:1)
  A golden dragon (Depths:2)
  Rupert (D:12)
  4 tentacled monstrosities
  Asterion (Depths:1)
  Zenata (Elf:1)
  Mlioglotl (Snake:4)
  2 liches
  2 titans
  8 sphinxes
  Kirke (Swamp:3)
  A thorn hunter (Swamp:3)
  A storm dragon (Depths:3)
  A shadow dragon (Depths:2)
  Aizul (Snake:1)
  2 tengu reavers (Depths:3)
  5 fire giants
  Donald (Swamp:4)
  5 frost giants
  2 fenstrider witches
  5 nagarajas (Snake:4)
  An iron dragon (Depths:3)
  A deep elf sorcerer (Elf:1)
  7 vault wardens
  3 spectral caustic shrikes (Depths:2)
  Louise (Swamp:1)
  A deep elf elementalist (Elf:2)
  A curse skull (Vaults:2)
  An orc warlord (Vaults:4)
  6 spriggan defenders
  A war gargoyle (Vaults:1)
  12 ironbound preservers
  9 stone giants
  2 very ugly things (IceCv)
  7 eleionomae
  4 formless jellyfish
  4 ironbound thunderhulks
  2 vampire knights
  A bunyip (Swamp:3)
  4 deep elf annihilators
  5 dire elephants
  2 spark wasps (Depths:3)
  A red draconian (Volcano)
  12 ettins
  2 entropy weavers (Vaults:2)
  12 fire dragons
  A shambling mangrove (Swamp:1)
  2 jiangshi (Depths:1)
  3 merfolk javelineers (Depths:3)
  Josephine (D:14)
  5 rakshasas
  5 great orbs of eyes
  7 yaktaur captains
  Fannar (Lair:3)
  3 ghost crabs
  4 vault guards
  11 hydras
  3 catoblepae
  4 caustic shrike simulacra (IceCv)
  3 salamander tyrants
  9 centaur warriors
  A peacekeeper (Vaults:1)
  Erica (Lair:1)
  11 ironbound frosthearts
  4 ogre magi (Orc:2)
  3 spriggan air magi
  9 ice dragons
  11 alligators
  9 anacondas
  18 two-headed ogres
  27 dancing weapons
  10 tengu warriors
  5 boulder beetles
  4 deep troll shamans
  9 naga warriors
  6 deep troll earth magi
  An orc high priest (Elf:2)
  5 death yaks (Lair:5)
  9 deep elf knights
  12 naga sharpshooters
  4 vampire magi
  5 shock serpents (Snake:3)
  6 spriggan berserkers
  A sun demon (Depths:2)
  A fire crab (Swamp:4)
  2 skysharks
  A soul eater (Depths:2)
  4 salamander mystics
  17 hell knights
  6 iron trolls
  A skyshark (shapeshifter) (Depths:2)
  3 sixfirhies
  2 skeletal warriors
  A sea snake (Snake:3)
  6 goliath frogs
  A spriggan druid (Swamp:3)
  A golden dragon zombie (Vaults:4)
  5 glowing orange brains
  3 flayed ghosts
  2 shadow demons
  5 naga ritualists
  8 swamp dragons (Swamp:4)
  42 deep trolls
  2 orange crystal statues (IceCv)
  3 bog bodies
  27 deep elf pyromancers
  6 lindwurms
  6 harpies (Vaults:1)
  8 ironbound convokers
  8 wizards
  5 deep elf archers
  3 orc knights
  11 necromancers
  16 deep elf zephyrmancers
  4 phantasmal warriors
  A tengu skeleton (Vaults:4)
  7 will-o-the-wisps
  4 mana vipers
  A faun (shapeshifter) (D:13)
  6 cyclopes
  19 ugly things
  2 manticores (D:14)
  An orc sorcerer (Orc:2)
  14 salamanders
  15 vault sentinels
  35 black mambas
  15 elephants
  A moth of wrath (shapeshifter) (Depths:2)
  An elf zombie (Vaults:4)
  A guardian serpent (shapeshifter) (D:14)
  6 guardian serpents
  14 naga magi
  8 cane toads
  A bunyip simulacrum (Swamp:4)
  4 rime drakes
  A gargoyle (D:11)
  An efreet (D:15)
  An unseen horror (D:11)
  30 yaktaurs
  A red devil (Depths:1)
  2 freezing wraiths (IceCv)
  6 komodo dragons
  3 tengu conjurers
  2 anaconda simulacra
  5 golden dragon simulacra (IceCv)
  9 tyrant leeches
  A bloated husk (Swamp:4)
  9 trolls
  5 polar bears
  4 meliai (Depths:3)
  A hydra zombie (Swamp:4)
  17 hornets
  34 blink frogs
  An alligator zombie (Swamp:4)
  29 slime creatures
  A jumping spider (shapeshifter) (Depths:2)
  A dire elephant simulacrum (Lair:4)
  2 shadows (D:11)
  16 spriggans
  7 wraiths
  4 basilisks
  8 water elementals
  42 yaks
  3 fire bats (Lair:4)
  2 vampires
  6 wyverns
  2 fire elementals
  A death yak simulacrum (Lair:4)
  A chaos spawn (Depths:1)
  A neqoxec (Depths:2)
  5 redbacks (Vaults:2)
  3 steam dragons
  8 vampire mosquitoes
  18 swamp worms
  4 wargs
  34 nagas
  Edmund (D:4)
  Menkaure (D:7)
  An acid dragon (D:10)
  17 water moccasins
  A floating eye (Depths:3)
  2 hydra simulacra (IceCv)
  Duvessa (D:7)
  14 swamp drakes
  2 sky beasts (D:7)
  An ice beast (D:6)
  25 orc warriors
  3 alligator simulacra (IceCv)
  26 ogres
  6 black bears
  An ettin simulacrum (IceCv)
  21 wolves
  A boggart (D:14)
  18 centaurs
  6 kobold brigands (Bailey)
  2 gnoll sergeants
  17 bullfrogs
  A cane toad simulacrum (Lair:4)
  2 two-headed ogre simulacra (Lair:4)
  4 scorpions
  A wight (D:9)
  Dowan (D:7)
  2 lindwurm simulacra (IceCv)
  5 killer bees (D:10)
  A swamp dragon simulacrum (Swamp:4)
  2 electric eels (Lair:3)
  A crimson imp (Orc:2)
  A lava snake (Swamp:4)
  5 jellies (Lair:4)
  A hound (D:5)
  14 orc priests
  2 gnoll boudas
  An iron imp (Orc:2)
  2 sleepcaps
  An iguana (D:5)
  22 orc wizards
  A polar bear simulacrum (Lair:4)
  8 adders
  18 gnolls
  A naga simulacrum (Lair:4)
  2 shadow imps
  3 white imps
  An ufetubus (D:4)
  2 worms
  2 dart slugs
  72 orcs
  7 bats
  11 endoplasms
  2 giant cockroaches
  7 hobgoblins
  6 jackals
  2 quokkas
  5 ball pythons
  4 frilled lizards
  4 goblins
  17 kobolds
  3 rats
1496 creatures vanquished.

Vanquished Creatures (others)
  A guardian serpent (Snake:4)
  3 bloated husks
  3 swamp drakes (Swamp:4)
  2 gnolls (D:11)
  10 foxfires
19 creatures vanquished.

Grand Total: 1515 creatures vanquished

Notes
Turn   | Place    | Note
-------+----------+-------------------------------------------
     0 | D:1      | motkupoika the Kobold Brigand began the quest for the Orb.
     0 | D:1      | Reached XP level 1. HP: 12/12 MP: 1/1
    74 | D:1      | Reached XP level 2. HP: 18/18 MP: 2/2
   512 | D:2      | Reached XP level 3. HP: 22/22 MP: 3/3
   758 | D:2      | Reached XP level 4. HP: 27/27 MP: 4/4
  1246 | D:3      | Found a hazy altar of Hepliaklqana.
  1543 | D:3      | Found a shadowy altar of Dithmenos.
  1598 | D:3      | Reached XP level 5. HP: 31/31 MP: 5/5
  1658 | D:3      | Reached skill level 5 in Short Blades
  2235 | D:4      | Noticed Edmund
  2245 | D:4      | Killed Edmund
  2246 | D:4      | Reached XP level 6. HP: 16/36 MP: 6/6
  2337 | D:4      | Found a staircase to the Ecumenical Temple.
  2343 | Temple   | Entered the Ecumenical Temple
  2357 | Temple   | Became a worshipper of Uskayaw the Reveller
  2510 | D:5      | Entered Level 5 of the Dungeon
  2580 | D:5      | Noticed Grinder
  2585 | D:5      | You fall into a shaft and drop 2 floors!
  2604 | D:6      | Reached * piety under Uskayaw
  2605 | D:6      | Reached XP level 7. HP: 40/40 MP: 7/7
  2832 | D:5      | Reached ** piety under Uskayaw
  2923 | D:5      | Found a runed translucent gate.
  2923 | D:5      | Found a runed translucent gate.
  2924 | D:5      | Found a runed translucent gate.
  3049 | D:6      | Noticed a water moccasin
  3071 | D:6      | Killed a water moccasin
  3072 | D:6      | Reached XP level 8. HP: 32/48 MP: 3/8
  3229 | D:6      | Reached skill level 1 in Spellcasting
  3689 | D:6      | Reached skill level 5 in Dodging
  3814 | D:6      | Found a burning altar of Makhleb.
  4409 | D:5      | Paralysed by Grinder for 4 turns
  4417 | D:5      | Found Zatsu's Book Emporium.
  4417 | D:5      | Found Luzorgh's Assorted Antiques.
  4418 | D:5      | Found Qiam's General Store.
  4439 | D:5      | Bought a glass wand for 108 gold pieces
  4654 | D:7      | Reached XP level 9. HP: 46/52 MP: 9/11
  4654 | D:7      | Noticed Duvessa
  4670 | D:7      | Killed Duvessa
  4675 | D:7      | Noticed Dowan
  4684 | D:7      | Killed Dowan
  4803 | D:7      | Reached skill level 5 in Fighting
  4815 | D:7      | Reached *** piety under Uskayaw
  4835 | D:7      | Noticed Menkaure
  4840 | D:7      | Killed Menkaure
  4841 | D:7      | Reached skill level 10 in Short Blades
  5013 | D:7      | Reached skill level 1 in Evocations
  5030 | D:7      | Reached skill level 1 in Invocations
  5123 | D:7      | Found a runed translucent gate.
  5125 | D:7      | Found a runed translucent gate.
  5126 | D:7      | Found a runed translucent gate.
  5313 | D:8      | Found a flagged portal.
  5340 | D:8      | Reached **** piety under Uskayaw
  5587 | Bailey   | Entered a bailey
  5648 | Bailey   | Reached XP level 10. HP: 51/60 MP: 10/12
  5830 | Bailey   | Reached skill level 10 in Stealth
  6042 | Bailey   | Found a burning altar of Makhleb.
  6988 | D:9      | You are sucked into a shaft and drop 1 floor!
  6988 | D:10     | Entered Level 10 of the Dungeon
  7119 | D:10     | Paralysed by a hornet for 2 turns
  7829 | D:9      | Reached skill level 10 in Dodging
  7934 | D:9      | Reached XP level 11. HP: 45/67 MP: 10/15
  8181 | D:9      | Found a staircase to the Lair.
  8216 | D:9      | Found a stormy altar of Qazlal.
  8751 | D:9      | Reached skill level 5 in Invocations
  9072 | Lair:1   | Entered Level 1 of the Lair of Beasts
  9195 | Lair:1   | Reached skill level 1 in Shields
  9251 | Lair:1   | Noticed a moth of wrath
  9368 | Lair:1   | Found a transporter.
  9370 | Lair:1   | Found a transporter.
  9370 | Lair:1   | Noticed a spriggan rider
  9373 | Lair:1   | Noticed KimchiStew's ghost (journeyman MeDe)
  9385 | Lair:1   | Noticed a spriggan rider
  9494 | Lair:1   | Noticed Erica
  9498 | Lair:1   | Killed Erica
  9555 | Lair:1   | Noticed a five-headed hydra
  9555 | Lair:1   | Noticed a four-headed hydra
 10277 | Lair:2   | Noticed a four-headed hydra
 10296 | Lair:2   | Killed a four-headed hydra
 10297 | Lair:2   | Reached XP level 12. HP: 25/73 MP: 2/18
 10560 | Lair:2   | Noticed a catoblepas
 10571 | Lair:2   | Reached ***** piety under Uskayaw
 10572 | Lair:2   | Killed a catoblepas
 10596 | Lair:2   | Reached ****** piety under Uskayaw
 11083 | Lair:2   | Found a staircase to the Snake Pit.
 11245 | Lair:2   | Identified the +6 scale mail of the Eternal Void {Int+4}
 11270 | Lair:2   | Found a staircase to the Swamp.
 11270 | Lair:2   | Noticed an eleionoma
 11275 | Lair:2   | Killed an eleionoma
 11276 | Lair:2   | Reached skill level 1 in Armour
 11851 | Lair:3   | Noticed a skyshark
 11855 | Lair:3   | Killed a skyshark
 11923 | Lair:3   | Reached XP level 13. HP: 64/78 MP: 16/19
 12227 | Lair:3   | Reached skill level 5 in Shields
 12586 | Lair:3   | Noticed Fannar
 12638 | Lair:3   | Killed Fannar
 12639 | Lair:3   | Reached skill level 5 in Armour
 13523 | Lair:4   | Found a dark tunnel.
 13533 | Volcano  | Entered a volcano
 13634 | Volcano  | Noticed a red draconian
 13637 | Volcano  | Killed a red draconian
 13705 | Volcano  | Noticed a centaur warrior
 13735 | Volcano  | Killed a centaur warrior
 13906 | Lair:4   | Noticed a four-headed hydra
 13909 | Lair:4   | Killed a four-headed hydra
 13916 | Lair:4   | Found a viscous altar of Jiyva.
 13916 | Lair:4   | Found a staircase to the Slime Pits.
 13919 | Lair:4   | Noticed a four-headed hydra
 13959 | Lair:4   | Killed a four-headed hydra
 14015 | Lair:4   | Reached skill level 5 in Evocations
 14373 | Lair:4   | Identified the +0 pair of gloves "Ycrerph" {rPois Regen+}
 14396 | Lair:4   | Reached XP level 14. HP: 62/84 MP: 20/20
 15103 | Lair:5   | Entered Level 5 of the Lair of Beasts
 15864 | Lair:5   | Reached skill level 15 in Dodging
 16150 | Lair:5   | Reached skill level 5 in Spellcasting
 16235 | Lair:5   | Identified the ring of the Iron Devil {Will++ AC+4}
 16239 | Lair:5   | Identified a scroll of acquirement
 16265 | Lair:5   | Acquired 509 gold pieces
 16731 | Lair:1   | Reached skill level 5 in Throwing
 17109 | D:10     | Found a transporter.
 17132 | D:10     | Found a transporter.
 17286 | D:10     | Found a viscous altar of Jiyva.
 17338 | D:10     | Identified the staff of Imbalance {rElec rN+ Air}
 17479 | D:11     | Reached XP level 15. HP: 86/92 MP: 23/23
 17703 | D:11     | Reached skill level 10 in Fighting
 17737 | D:11     | Found a staircase to the Orcish Mines.
 17830 | D:11     | Got the Grimoire of Breath and Malediction
 18054 | D:12     | Found a portal to a secret trove of treasure.
 18636 | D:12     | Noticed Rupert
 18673 | D:12     | Killed Rupert
 19317 | D:13     | Found a transporter.
 19355 | D:13     | Found a transporter.
 19416 | D:13     | Got Sif Muna's Catalogue of Convocation and the Tempest
 19482 | D:13     | Identified the +7 morningstar "Dalaas" {antimagic, Int+3
                  | Dex+5}
 19496 | D:13     | Found a hide-covered altar of Uskayaw.
 20369 | D:13     | Identified the amulet "Ivegadgh" {rC+ Regen+}
 20372 | D:13     | Identified the +0 helmet "Tifawoco" {Harm rPois rC- Stlth+}
 20559 | Orc:1    | Entered Level 1 of the Orcish Mines
 21332 | Orc:2    | Entered Level 2 of the Orcish Mines
 21406 | Orc:2    | Found a staircase to the Elven Halls.
 21846 | Orc:2    | Reached XP level 16. HP: 77/100 MP: 25/25
 21895 | Orc:2    | Found Omep's Magic Scroll Emporium.
 21895 | Orc:2    | Found Guaneipt's Antique Weapon Boutique.
 21896 | Orc:2    | Found Faega's Distillery.
 21896 | Orc:2    | Found Obogecw's Antique Armour Emporium.
 21969 | Orc:2    | Bought a potion of berserk rage for 60 gold pieces
 21969 | Orc:2    | Bought a potion of mutation for 96 gold pieces
 21969 | Orc:2    | Bought a potion of degeneration for 12 gold pieces
 21969 | Orc:2    | Bought a potion of invisibility for 96 gold pieces
 21969 | Orc:2    | Bought a potion of lignification for 36 gold pieces
 21972 | Orc:2    | Bought a runed cloak for 240 gold pieces
 21988 | Orc:2    | Bought a runed rapier for 168 gold pieces
 21992 | Orc:2    | Bought a scroll of identify for 28 gold pieces
 21992 | Orc:2    | Bought a scroll of enchant armour for 105 gold pieces
 21992 | Orc:2    | Bought a scroll of blinking for 105 gold pieces
 21992 | Orc:2    | Bought a scroll of teleportation for 42 gold pieces
 21992 | Orc:2    | Bought a scroll of fear for 56 gold pieces
 21992 | Orc:2    | Bought a scroll of fear for 56 gold pieces
 22137 | Orc:2    | Found Affoibeh's Armour Shoppe.
 22142 | Orc:2    | Bought the +1 pair of boots of Lenn {rF+ Regen+ Str+3 SInv}
                  | for 408 gold pieces
 22165 | Orc:2    | Bought the +2 leather armour of Vogudd {Str+2 Int+2 Dex+6
                  | Stlth+} for 513 gold pieces
 22860 | D:14     | Noticed Josephine
 22865 | D:14     | Killed Josephine
 22866 | D:14     | Reached skill level 10 in Invocations
 23066 | D:14     | Found a gate to the Vaults.
 23252 | D:15     | Entered Level 15 of the Dungeon
 23438 | D:15     | Found a staircase to the Depths.
 23471 | D:15     | Reached skill level 15 in Stealth
 23640 | D:15     | Reached skill level 15 in Short Blades
 24132 | Depths:1 | Entered Level 1 of the Depths
 24141 | Depths:1 | Noticed a fire giant
 24143 | Depths:1 | Killed a fire giant
 24174 | Depths:1 | Found a gateway to Hell.
 24510 | Swamp:1  | Entered Level 1 of the Swamp
 24631 | Swamp:1  | Reached XP level 17. HP: 101/106 MP: 26/26
 24728 | Swamp:1  | Found a hazy altar of Hepliaklqana.
 24941 | Swamp:1  | Noticed Louise
 24976 | Swamp:1  | Killed Louise
 25118 | Swamp:2  | Noticed Roxanne
 25871 | Swamp:3  | Found a frozen archway.
 25880 | IceCv    | Entered an ice cave
 26246 | IceCv    | Identified the staff "Negh" {Str+2 Conj Earth}
 26494 | Swamp:3  | Noticed a thorn hunter
 26509 | Swamp:3  | Killed a thorn hunter
 26698 | Swamp:3  | Noticed Kirke
 26716 | Swamp:3  | Killed Kirke
 27075 | Swamp:4  | Entered Level 4 of the Swamp
 27140 | Swamp:4  | Reached XP level 18. HP: 114/114 MP: 27/27
 27615 | Swamp:4  | Noticed a tentacled monstrosity
 27627 | Swamp:4  | Killed a tentacled monstrosity
 27744 | Swamp:4  | Noticed Donald
 27756 | Swamp:4  | Killed Donald
 28376 | Swamp:4  | Got a decaying rune of Zot
 28697 | Elf:1    | Entered Level 1 of the Elven Halls
 29223 | Elf:1    | Noticed Zenata
 29225 | Elf:1    | Killed Zenata
 29826 | Elf:2    | Found Puenner's Neck Hole.
 29853 | Elf:2    | Bought a scarf of invisibility for 204 gold pieces
 29860 | Elf:2    | Identified the +1 scale mail of the Weaver {Dex+2}
 29947 | Elf:2    | Reached XP level 19. HP: 122/122 MP: 28/28
 30139 | Elf:2    | Identified the +0 leather armour of Vanity {+Blink}
 30492 | Elf:2    | Found a runed translucent gate.
 30492 | Elf:2    | Found a runed translucent gate.
 30492 | Elf:2    | Found a runed translucent gate.
 30826 | Elf:2    | Reached skill level 15 in Fighting
 31463 | Snake:1  | Entered Level 1 of the Snake Pit
 31463 | Snake:1  | Found Isuabuts's Weapon Shoppe.
 31489 | Snake:1  | Noticed Aizul
 31499 | Snake:1  | Killed Aizul
 32857 | Snake:2  | Found Zeohutot's Book Shoppe.
 32857 | Snake:2  | Found Afiasuiq's Book Shoppe.
 32858 | Snake:2  | Found Ravoejeo's Jewellery Shop.
 32864 | Snake:2  | Bought the ring of the Manifold Bones {rElec rF++ Will+
                  | Stlth+} for 652 gold pieces
 32895 | Snake:2  | Got the Handbook of Breccia and the Bane
 32985 | Snake:2  | Learned a level 2 spell: Blink
 32989 | Snake:2  | Learned a level 3 spell: Hailstorm
 33199 | Snake:3  | Found a runed translucent gate.
 33199 | Snake:3  | Found a runed translucent gate.
 33199 | Snake:3  | Found a runed translucent gate.
 33587 | Snake:3  | Reached XP level 20. HP: 130/130 MP: 30/30
 34035 | Snake:4  | Entered Level 4 of the Snake Pit
 34149 | Snake:4  | Noticed Vashnia
 34175 | Snake:4  | Killed Vashnia
 34395 | Snake:4  | Found Jithruc's Distillery.
 34396 | Snake:4  | Found Odeuxi's Assorted Antiques.
 34397 | Snake:4  | Found Xyulom's Armour Shoppe.
 34400 | Snake:4  | Bought a potion of might for 52 gold pieces
 34400 | Snake:4  | Bought a potion of resistance for 130 gold pieces
 34400 | Snake:4  | Bought a potion of haste for 130 gold pieces
 34402 | Snake:4  | Bought a scroll of blinking for 262 gold pieces
 34404 | Snake:4  | Bought the +0 cloak of Ymehoj {Slay+5} for 487 gold pieces
 34704 | Snake:4  | Reached skill level 10 in Shields
 34731 | Snake:4  | Noticed Mlioglotl
 34743 | Snake:4  | Killed Mlioglotl
 35674 | Snake:4  | Got a serpentine rune of Zot
 36060 | Vaults:1 | Entered Level 1 of the Vaults
 36103 | Vaults:1 | Found Bukkemoc's Book Emporium.
 36311 | Vaults:1 | You fall into a shaft and drop 1 floor!
 36468 | Vaults:2 | Reached XP level 21. HP: 123/136 MP: 31/31
 36962 | Vaults:1 | Identified the +4 ring mail "Rylarel" {*Corrode rC+ Regen+
                  | Str+4}
 37371 | Vaults:1 | Identified the +6 spear of Piref {elec, rF+}
 37747 | Vaults:2 | Identified the +3 arbalest "Ilefun" {flame, Str+2 Dex+3}
 37999 | Vaults:2 | Found a staircase to the Crypt.
 38741 | Vaults:3 | Reached skill level 15 in Invocations
 39115 | Vaults:3 | Identified the +0 scale mail of Wigiwu Cani {Int+6}
 39476 | Vaults:3 | Reached XP level 22. HP: 142/142 MP: 33/33
 40247 | Vaults:4 | Noticed an ancient lich
 40253 | Vaults:4 | Killed an ancient lich
 40261 | Vaults:4 | Identified the ring "Xuxerghe" {Fly rElec rF+ MP+9 Str+3}
 41291 | Depths:1 | Noticed Asterion
 41293 | Depths:1 | Killed Asterion
 41558 | Depths:1 | Found a one-way gate leading to the halls of Pandemonium.
 41576 | Depths:1 | Noticed Bai Suzhen
 41585 | Depths:1 | Killed Bai Suzhen
 41961 | Depths:1 | Found a shadowy altar of Dithmenos.
 42476 | Depths:2 | Reached XP level 23. HP: 148/148 MP: 34/34
 42754 | Depths:2 | Noticed a juggernaut
 42771 | Depths:2 | Killed a juggernaut
 43105 | Depths:2 | Identified the ring of the Mpinguari {rC+ Dex+2}
 43121 | Depths:2 | Identified the ring "Egurreukk" {Fly rElec rPois rN+ Int-2}
 43207 | Depths:2 | Noticed a golden dragon
 43211 | Depths:2 | Killed a golden dragon
 43282 | Depths:2 | Found a sacrificial altar of Ru.
 43348 | Depths:2 | Found Zuk Myat's General Store.
 43352 | Depths:2 | Found Zulu Nero's Antique Armour Boutique.
 43353 | Depths:2 | Found Piyd Veh's Antique Weapon Shop.
 43355 | Depths:2 | Bought a potion of resistance for 130 gold pieces
 43362 | Depths:2 | Found Foufiu's Magic Scroll Shop.
 43367 | Depths:2 | Bought a scroll of blinking for 165 gold pieces
 43367 | Depths:2 | Bought a scroll of blinking for 165 gold pieces
 43367 | Depths:2 | Bought a scroll of blinking for 165 gold pieces
 43367 | Depths:2 | Bought a scroll of enchant armour for 165 gold pieces
 43367 | Depths:2 | Bought a scroll of teleportation for 66 gold pieces
 43372 | Depths:2 | Bought a bloodstained robe for 193 gold pieces
 43372 | Depths:2 | Identified the +1 robe "Reagikk" {rF++ Stlth+} (You bought
                  | it in a shop on level 2 of the Depths)
 44748 | Depths:3 | Reached XP level 24. HP: 121/156 MP: 35/35
 44822 | Depths:3 | HP: 6/156 [titan (30)]
 44822 | Depths:3 | HP: 2/156 [constriction (4)]
 44823 | Depths:3 | Demolished by a titan

Illustrated notes

Levels and vault maps discovered:
D:1:      ncdulo_lavacross, layout_rooms
D:2:      layout_basic, dreamdust_princess_bridge
D:3:      layout_basic, nicolae_overflow_hidden_temple,
          mainiacjoe_overflow_small_starburst
D:4:      layout_rooms, minmay_temple_entry_junction, uniq_edmund
D:5:      layout_cave_pools, ebering_ghost_rock_garden,
          hangedman_decor_riveting, nicolae_wooded_promenade, uniq_grinder
D:6:      layout_loops_corners, kennysheep_mini
D:7:      layout_rooms, gammafunk_ghost_icy, hangedman_decor_opposing,
          uniq_duvessa, uniq_menkaure
D:8:      layout_loops_corners, enter_bailey_2
D:9:      layout_rooms, mainiacjoe_overflow_alcove_4,
          due_lair_maze_entry_diamond, dk_noncrumbling_3, amethyst_killhole,
          corexii_leaking_fountain
D:10:     gammafunk_jiyva_shrine, layout_basic
D:11:     cheibrodos_steamvent, layout_basic, orc_0_dummy
D:12:     layout_cave_pods, nicolae_trove_entry_free_sample, uniq_rupert
D:13:     gammafunk_worm_tunnel, layout_gridville, dancing_weapons_uskayaw
D:14:     layout_rooms, skrybe_vaults_entry_preservation, serial_corexii_hall,
          corexii_hall_statues_i, corexii_hall_statues_u,
          chequers_hall_statues_corner_a, corexii_hall_statues_l,
          corexii_hall_statues_s, chequers_hall_statues_corner_a, uniq_josephine
D:15:     hellmonk_depths_entry_around_the_bend, layout_loops_ring,
          solitary_fountain
Temple:   nicolae_temple_bog_church
Lair:1:   layout_cave_pods, gammafunk_ghost_wrathful_warriors,
          grunt_forest_large_clearing_hut, uniq_erica
Lair:2:   layout_cave_pods, alex1729_swamp_entry_worm_eleionoma,
          guppyfry_snake_entry_island, serial_bayou_shore_b, grunt_megastairs_4,
          lemuel_fruit_tree, infiniplex_staircase_pool_2
Lair:3:   layout_small_grid, serial_bayou_shore_a, uniq_fannar
Lair:4:   dreamdust_isle_of_ice, layout_regular_city,
          nicolae_slime_entry_field_trip, nicolae_volcano_entry_batcave
Lair:5:   grunt_lair_end_beastmaster, layout_regular_city
Swamp:1:  layout_falls_marsh, basic_altar, swamp_pool2, uniq_louise
Swamp:2:  layout_basic_swamp, evilmike_swamp_ruin_house_1, swamp_pool3,
          uniq_roxanne
Swamp:3:  layout_basic_swamp, portal_ice_cave_entry_dragon, serial_swamp_ruin,
          evilmike_swamp_ruin_house_2, evilmike_swamp_ruin_house_5,
          hangedman_swamp_ruin_wall, uniq_kirke
Swamp:4:  swamp_fiery, layout_basic_swamp, swamp_pool1,
          nicolae_swamp_necromancer_hut, uniq_donald
Snake:1:  layout_grid_maze, serial_shops, shop, uniq_aizul
Snake:2:  layout_misc_corridors, minmay_shop_grove
Snake:3:  layout_cave_town, nicolae_snake_horde_hoard
Snake:4:  grunt_snake_rune_serpentine_throne, layout_chambers, minmay_shop_star,
          uniq_mlioglotl, uniq_vashnia
Orc:1:    minmay_goldmine, layout_caves
Orc:2:    st_orc_ogre_mass, layout_diamond_mine, serial_shops,
          nicolae_shop_just_a_little_nook, hangedman_minor_magic
Elf:1:    minmay_elf_arrival_summoners, layout_geoelf_diagonals,
          hangedman_elf_represent, uniq_zenata
Elf:2:    nicolae_elf_blades_splatter_lattice [nicolae_blade_entry_antechamber],
          layout_gridlike, nicolae_shop_sticking_my_neck_out
Vaults:1: nicolae_vaults_offset_grid_hallway_1, v_pattern_1,
          nicolae_vaults_more_shelving_1, nicolae_vaults_tetromino_Z_2,
          nicolae_vaults_tetromino_L_2, nicolae_vaults_storage_closets_1,
          nicolae_vaults_sesquioval_fish, vaults_room_fancy_cross,
          nicolae_vaults_yaktaur_gun_rack, nicolae_vaults_little_squares_1,
          vaults_dpeg_diagonal, nicolae_vaults_storage_closets_3,
          vaults_dpeg_cross, grunt_vaults_hallway_long, layout_vaults_omnibox,
          serial_shops, nicolae_book_shop_shelving
Vaults:2: nicolae_vaults_windows_and_doors_thing, v_misc_13,
          vaults_room_hallway, nicolae_vaults_tetromino_Z_1,
          nicolae_vaults_stairing_the_circle, vaults_mumra_lcd, v_misc_9,
          nicolae_vaults_little_squares_3, nicolae_vaults_tetromino_Z_1,
          nicolae_vaults_variable_pillar_hall, nicolae_vaults_house_2,
          nicolae_vaults_little_squares_4, layout_vaults_chaotic_city,
          minmay_crypt_entry_simple_corners
Vaults:3: nicolae_vaults_halls_meeting, nicolae_vaults_shelves_hall,
          hangedman_vaults_slice, v_misc_29, nicolae_vaults_oval_intersection,
          vaults_room_pool, vaults_mumra_hexcomb, nicolae_vaults_tetromino_Z_1,
          grunt_vaults_swirl, nicolae_vaults_closet_pinwheel_1,
          vaults_room_semicircle, nicolae_vaults_tetromino_Z_2,
          layout_vaults_omnicross
Vaults:4: nicolae_vaults_you_can_take_it_with_you, hangedman_vaults_locks,
          nicolae_vaults_house_3, nicolae_vaults_network_periphery,
          nicolae_vaults_asterisk, ontoclasm_vaults_ring_square,
          ontoclasm_vaults_ring_small, nicolae_vaults_heart-shaped_vault,
          nicolae_vaults_closet_pinwheel_5, nicolae_vaults_tetromino_L_2,
          layout_vaults_quadrants
Depths:1: layout_honeycomb, rand_demon_pan_entry_3, hell_entry,
          minmay_misc_feat_plants, grunt_dithmenos_smoke_and_mirrors,
          uniq_asterion, uniq_bai_suzhen
Depths:2: evilmike_diamond_1, layout_long_grid, rand_demon_pan_entry_4,
          pf_hell_entry_tar_river, nicolae_ru_sacrificial_ziggurat,
          grunt_megastairs_2, infiniplex_staircase_pool_1, minmay_shoptagon
Depths:3: box_level_dp, hell_entry, abyss_entry

Skill      XL: |  1  2  3  4  5  6  7  8  9 10 11 12 13 14 15 16 17 18 19 20 21 22 23 |
---------------+----------------------------------------------------------------------+-----
Short Blades   | 3 4 6 8 9 10 11 12 13 14 15 16 17 18 19 | 19.9
Stealth        | 6 8 9 10 11 13 14 15 16 17 18 19 20 21 | 21.9
Dodging        | 2 4 5 8 10 12 14 15 16 17 18 19 20 21 | 21.8
Fighting       | 3 4 5 7 8 9 11 12 13 14 15 16 17 | 17.5
Spellcasting   | 1 3 4 5 6 |  6.0
Evocations     | 1 4 5 6 7 8 |  8.0
Invocations    | 1 4 5 6 7 9 10 11 12 13 14 15 16 | 16.8
Shields        | 2 4 5 6 7 8 9 11 12 13 14 | 14.0
Armour         | 2 5 6 7 |  7.0
Throwing       | 3 4 5 6 |  6.0

Action                     |  1- 3 |  4- 6 |  7- 9 | 10-12 | 13-15 | 16-18 | 19-21 | 22-24 || total
---------------------------+-------+-------+-------+-------+-------+-------+-------+-------++-------
  Melee: Dagger            |    37 |    63 |    95 |   263 |  1296 |    84 |       |       ||  1838
         Punch             |     1 |       |     3 |     9 |       |       |       |       ||    13
         Short sword       |       |    36 |   163 |   344 |   227 |       |       |       ||   770
         Rapier            |       |       |       |    68 |       |  1442 |   198 |       ||  1708
         Scimitar          |       |       |       |       |     4 |       |       |       ||     4
         Quick blade       |       |       |       |       |       |       |  1283 |  1158 ||  2441
  Throw: Dart              |       |     4 |    13 |    26 |    15 |     9 |       |       ||    67
         Boomerang         |       |       |     3 |    15 |     8 |     2 |       |       ||    28
         Throwing net      |       |       |       |       |     3 |       |       |       ||     3
 Invoke: Line Pass         |       |       |     4 |     8 |     7 |     5 |       |       ||    24
         Grand Finale      |       |       |       |     1 |     2 |     5 |     3 |     5 ||    16
  Evoke: Wand              |       |       |       |    18 |    10 |    17 |     1 |     1 ||    47
         Phial of floods   |       |       |       |       |       |     1 |       |       ||     1
    Use: Scroll            |       |     5 |     3 |     2 |     7 |    11 |    11 |     1 ||    40
         Potion            |       |       |       |     3 |       |     2 |       |     1 ||     6
   Stab: Sleeping          |    19 |    33 |    15 |    26 |    76 |    70 |    85 |    79 ||   403
         Confused          |       |       |     1 |     2 |     3 |     3 |       |       ||     9
         Distracted        |       |       |     4 |     1 |     9 |     5 |    10 |     8 ||    37
         Paralysed         |       |       |     7 |    26 |    65 |    72 |    98 |    48 ||   316
 Armour: Robe              |     3 |    18 |    27 |    31 |       |       |       |       ||    79
         Scale mail        |       |       |       |    18 |   209 |       |       |       ||   227
         Steam dragon scal |       |       |       |       |    30 |     1 |       |       ||    31
         Leather armour    |       |       |       |       |     2 |    95 |    39 |    36 ||   172
  Dodge: Dodged            |    11 |    45 |   126 |   363 |   741 |   659 |   529 |   333 ||  2807
  Block: Buckler           |       |       |       |   100 |   433 |   339 |   249 |       ||  1121
         Kite shield       |       |       |       |       |       |       |   105 |   403 ||   508
         Reflection        |       |       |       |       |       |       |    10 |     6 ||    16

Table legend: (Time is in decaauts)
 A = Elapsed time spent in this place.
 B = Non-inter-level travel time spent in this place.
 C = Inter-level travel time spent in this place.
 D = Time resting spent in this place.
 E = Time spent auto-exploring this place.
 F = Levels seen in this place.
 G = Mean time per level.
                   A        B        C        D        E       F      G
               +--------+--------+--------+--------+--------+-----+--------+
         Total |  42353 |  38974 |   3379 |   1520 |  27199 |  43 |  985.0 |
       Dungeon |  13990 |  12278 |   1712 |    708 |   8689 |  15 |  932.7 |
        Temple |     22 |     14 |      8 |      0 |      0 |   1 |   22.0 |
          Lair |   7248 |   6682 |    566 |    529 |   4239 |   5 | 1449.6 |
         Swamp |   3387 |   3132 |    255 |     15 |   2145 |   4 |  846.8 |
     Snake Pit |   4244 |   3965 |    279 |     66 |   3274 |   4 | 1061.0 |
  Orcish Mines |   1666 |   1505 |    161 |      0 |    912 |   2 |  833.0 |
   Elven Halls |   2290 |   2188 |    102 |      9 |   1479 |   2 | 1145.0 |
        Vaults |   4929 |   4740 |    189 |      0 |   3958 |   4 | 1232.2 |
        Depths |   3484 |   3381 |    103 |     21 |   2070 |   3 | 1161.3 |
        Bailey |    458 |    458 |      0 |    147 |    150 |   1 |  458.0 |
      Ice Cave |    306 |    306 |      0 |     24 |     77 |   1 |  306.0 |
       Volcano |    324 |    324 |      0 |      1 |    204 |   1 |  324.0 |
               +--------+--------+--------+--------+--------+-----+--------+

Top non-repeatable levels by time:
  Lair:2: 1662 daAuts
 Snake:4: 1592 daAuts
  Lair:3: 1501 daAuts
Vaults:2: 1457 daAuts
     D:9: 1432 daAuts
  Lair:5: 1382 daAuts
  Lair:1: 1366 daAuts
  Lair:4: 1336 daAuts
Vaults:4: 1310 daAuts
Depths:2: 1271 daAuts
    D:13: 1265 daAuts
    D:12: 1257 daAuts
   Elf:2: 1248 daAuts
    D:10: 1238 daAuts
Depths:3: 1172 daAuts
